 Dungeon Crawl Stone Soup version 0.30.1-3-gfc49f6343a (webtiles) character file.

Game seed: 14969544479123517663

77 FishyPogo the Caller (level 4, 0/36 HPs)
             Began as a Hill Orc Summoner on July 22, 2023.
             Slain by a water moccasin (8 damage)
             ... on level 4 of the Dungeon.
             The game lasted 00:11:29 (2125 turns).

FishyPogo the Caller (Hill Orc Summoner)            Turns: 2125, Time: 00:11:49

Health: 0/36       AC:  3    Str: 10    XL:     4   Next: 34%
Magic:  1/7        EV: 12    Int: 17    God:
Gold:   156        SH:  0    Dex: 17    Spells: 1/7 levels left

rFire   . . .        h - staff of death
rCold   . . .        (no shield)
rNeg    + . .        a - +0 robe
rPois   .            (no helmet)
rElec   .            (no cloak)
rCorr   .            (no gloves)
SInv    .            u - +0 pair of boots
Will    .....        (no amulet)
Stlth   ++           l - +6 ring of dexterity
HPRegen 0.26/turn    (no ring)
MPRegen 0.10/turn

%: no passive effects
@: lethally poisoned (0 -> -11)
A: no striking features
a: no special abilities


You were on level 4 of the Dungeon.
You visited 1 branch of the dungeon, and saw 5 of its levels.

You collected 156 gold pieces.

Inventory:

Hand Weapons
 g - a +0 dagger
Missiles
 c - 30 stones
 n - 5 poisoned darts
Armour
 a - a +0 robe (worn)
 u - a +0 pair of boots (worn)
Magical Staves
 h - a staff of death (weapon)
 q - a staff of poison
 t - a staff of earth
Jewellery
 f - an amulet of faith
 l - a +6 ring of dexterity (left hand)
 o - a ring of fire
Scrolls
 d - 9 scrolls of identify {unknown}
 i - 2 scrolls of teleportation {unknown}
 s - a scroll of summoning {unknown}
Potions
 b - a potion of magic
 e - 3 potions of heal wounds
 j - a potion of curing
 k - a potion of ambrosia {unknown}
 m - a potion of degeneration {unknown}
 p - a potion of lignification {unknown}
 r - a potion of invisibility {unknown}


   Skills:
 + Level 1.8 Fighting
 - Level 2.0 Dodging
 - Level 2.0 Stealth
 + Level 2.0 Spellcasting
 + Level 4.1 Summonings
 * Level 1.9 Necromancy


You had one spell level left.
You knew the following spells:

 Your Spells              Type           Power      Damage    Failure   Level
a - Summon Small Mammal   Summ           60%        N/A       3%          1
b - Call Imp              Summ           30%        N/A       5%          2
c - Call Canine Familiar  Summ           15%        N/A       11%         3

Your spell library contained the following spells:

 Spells                   Type           Power      Damage    Failure   Level
 Slow                     Hex            4%         N/A       19%         1
 Summon Guardian Golem    Hex/Summ       8%         N/A       26%         3
 Vampiric Draining        Necr           12%        2d6       26%         3
 Confusing Touch          Hex            1%         N/A       50%         3
 Summon Lightning Spire   Summ/Air       8%         N/A       63%         4


Dungeon Overview and Level Annotations

Branches:
Dungeon (5/15)
 Temple: D:4-7

Altars:


Message History

Unknown command.
You hit the water moccasin but do no damage.
The water moccasin is severely wounded.
Your hound closely misses the water moccasin.
The water moccasin barely misses you.
You miss the water moccasin.
The water moccasin is severely wounded.
Your hound barely misses the water moccasin.
The water moccasin bites you.
Your hound misses the water moccasin. The water moccasin barely misses you.
Unknown command.
You hit the water moccasin.
The water moccasin is severely wounded.
Your hound misses the water moccasin.
The water moccasin bites you but does no damage.
Your hound barely misses the water moccasin.
The water moccasin completely misses you.
Unknown command.
You hit the water moccasin but do no damage.
The water moccasin is severely wounded.
Your hound closely misses the water moccasin.
The water moccasin barely misses you.
Your hound closely misses the water moccasin.
Unknown command.
You miss the water moccasin.
The water moccasin is severely wounded.
The water moccasin bites you!
You are lethally poisoned!
The water moccasin poisons you!
Your hound barely misses the water moccasin.
The water moccasin misses you.
Your hound bites the water moccasin.
You are too injured to fight recklessly!
You miss the water moccasin.
The water moccasin is almost dead.
* * * LOW HITPOINT WARNING * * *
You feel very sick. The water moccasin barely misses you.
Your hound closely misses the water moccasin.
The water moccasin bites you!
You die...

####### ##.....##
#..###..# #.##
##.## ####.#
#..##### ##hSg.#
##......# #.@#'##
#.....#.# #.##rg#
#####.#.## ##.#
B.=+ ##.... #..#
$[J# #....
#..##g!### #..##
#...####.# #..#
#........## ##..#
##.###....#####...#
#.............####


You could see a water moccasin (ally target), a hobgoblin and a friendly hound
(summoned).

Vanquished Creatures
  2 adders
  4 goblins
  2 kobolds (D:2)
  A quokka (D:1)
  A ball python (D:1)
  3 bats
  A frilled lizard (D:1)
  2 rats
16 creatures vanquished.

Vanquished Creatures (collateral kills)
  2 adders (D:3)
  A ball python (D:1)
  2 endoplasms (D:1)
  A giant cockroach (D:3)
  4 goblins (D:1)
  3 hobgoblins (D:1)
  3 kobolds
  2 quokkas
  A frilled lizard (D:1)
  3 rats (D:1)
22 creatures vanquished.

Grand Total: 38 creatures vanquished

Notes
Turn   | Place    | Note
-------+----------+-------------------------------------------
     0 | D:1      | FishyPogo the Hill Orc Summoner began the quest for the
                  | Orb.
     0 | D:1      | Reached XP level 1. HP: 14/14 MP: 3/3
   153 | D:1      | Reached XP level 2. HP: 16/22 MP: 1/4
   157 | D:1      | Learned a level 2 spell: Call Imp
   315 | D:1      | Reached skill level 1 in Fighting
   696 | D:1      | Reached XP level 3. HP: 28/28 MP: 0/5
   926 | D:2      | Reached skill level 1 in Necromancy
  1704 | D:3      | Reached XP level 4. HP: 36/36 MP: 3/7
  1708 | D:3      | Learned a level 3 spell: Call Canine Familiar
  1925 | D:3      | You fall into a shaft and drop 1 floor!
  2024 | D:5      | Entered Level 5 of the Dungeon
  2100 | D:4      | Noticed a water moccasin
  2125 | D:4      | Slain by a water moccasin

Illustrated notes

Levels and vault maps discovered:
D:1:      wheals_arrival_shading, layout_basic, nrook_mini_vaults,
          dk_noncrumbling_4, chequers_mini_garden
D:2:      layout_basic, minmay_misc_feat_tiny
D:3:      layout_loops_ring, uniq_jessica
D:4:      layout_basic, mainiacjoe_overflow_cross_hatched,
          nicolae_dithmenos_the_darkroom, minmay_temple_entry_crystal_x,
          minmay_joined_circles
D:5:      layout_basic, nicolae_uskayaw_en_pointe, kennysheep_small_circle

Skill      XL: |  1  2  3 |
---------------+----------+-----
Fighting       | 1 |  1.8
Necromancy     | 1 |  1.9
Stealth        | 2 |  2.0
Dodging        | 2 |  2.0
Spellcasting   | 2 |  2.0
Summonings     | |  4.1

Action                     |  1- 3 |  4- 6 || total
---------------------------+-------+-------++-------
  Melee: Unarmed           |    12 |       ||    12
         Staff             |    51 |    11 ||    62
         Dagger            |     5 |       ||     5
   Cast: Summon Small Mamm |    34 |       ||    34
         Call Imp          |    13 |     1 ||    14
         Call Canine Famil |       |     4 ||     4
    Use: Potion            |       |     2 ||     2
   Stab: Distracted        |     1 |       ||     1
         Sleeping          |     4 |       ||     4
 Armour: Robe              |     8 |     1 ||     9
  Dodge: Dodged            |    41 |    11 ||    52
